 Dungeon Crawl Stone Soup version 0.27-a0-1525-g1038ab4fd7 (webtiles) character file.

Game seed: 1861234592403067287

513 EatSleepCrawl the Cudgeller (level 7, -1/61 HPs)
             Began as a Minotaur Berserker on July 10, 2021.
             Was a Priest of Trog.
             Slain by an orc priest (6 damage)
             ... on level 4 of the Dungeon.
             The game lasted 00:28:23 (4314 turns).

EatSleepCrawl the Cudgeller (Minotaur Berserker)    Turns: 4314, Time: 00:28:23

Health: -1/61      AC: 12    Str: 21    XL:     7   Next: 0%
Magic:  0/6        EV: 11    Int:  8    God:    Trog [***...]
Gold:   126        SH:  0    Dex: 12    Spells: 6/6 levels left

rFire    . . .     SeeInvis .   a - +0 mace (freeze)
rCold    . . .     Faith    .   (no shield)
rNeg     . . .     Spirit   +   n - +0 scale mail
rPois    .         Reflect  .   (helmet restricted)
rElec    .         Harm     .   (no cloak)
rCorr    .         Rampage  .   (no gloves)
Will     .....                  p - +0 pair of boots
Stlth    ..........             m - amulet of guardian spirit
HPRegen  0.20/turn              i - +4 ring of protection
MPRegen  0.10/turn              k - ring of flight

@: weak-willed, flying
A: horns 2, retaliatory headbutt, clever 2
a: Renounce Religion, Berserk, Trog's Hand


You were on level 4 of the Dungeon.
You worshipped Trog.
Trog was most pleased with you.
You visited 1 branch of the dungeon, and saw 4 of its levels.
You also visited: Ossuary.

You collected 181 gold pieces.
You spent 55 gold pieces at shops.

Inventory:

Hand Weapons
 a - a +0 mace of freezing (weapon)
Missiles
 j - 3 curare-tipped darts (quivered)
 o - 42 arrows
 u - 5 atropa-tipped darts
Armour
 n - a +0 scale mail (worn)
 p - a +0 pair of boots (worn)
Jewellery
 i - a +4 ring of protection (left hand)
 k - a ring of flight (right hand)
 m - an amulet of guardian spirit (around neck)
Wands
 h - a wand of iceblast (2)
Scrolls
 d - a scroll of teleportation
 g - 3 scrolls of enchant weapon
 r - 4 scrolls of immolation
Potions
 c - a potion of ambrosia
 f - a potion of haste
 l - 4 potions of flight
 q - a potion of brilliance {unknown}
 s - 5 potions of curing
 t - 2 potions of mutation
 v - 2 potions of attraction {unknown}


   Skills:
 + Level 5.6 Fighting
 + Level 6.6 Maces & Flails
 + Level 3.7 Armour
 + Level 4.2 Dodging
 + Level 1.2 Stealth


You had 6 spell levels left.
You didn't know any spells.
Your spell library contained the following spells:

 Spells                   Type           Power      Damage    Failure   Level
 Corona                   Hex            0%         N/A       75%         1
 Ensorcelled Hibernation  Hex/Ice        0%         N/A       86%         2
 Tukima's Dance           Hex            0%         N/A       98%         3


Dungeon Overview and Level Annotations

Branches:
Dungeon (4/15)             Temple (0/1) D:4         Ossuary (visited)

Altars:
Gozag

Shops:
D:1 ?


Innate Abilities, Weirdness & Mutations

You have a pair of horns on your head.
You reflexively headbutt those who attack you in melee.
Your mind is very acute. (Int +4)


Message History

The dart slug launches a dart at you.
The slug dart hits you. 2 orcs come into view.
The orc shouts! x2
A nearby plant withers and dies.
The orc priest calls down the wrath of Beogh upon you.
Beogh smites you!
An ogre comes into view. It is wielding a +0 giant club.
The ogre shouts!
As you read the scroll labelled YBLUOGGOHIV, it crumbles to dust.
Magic quickly surges around you.
It was a scroll of vulnerability.
The hound bites you.
An endoplasm comes into view.
The orc hits you but does no damage.
The orc priest mumbles some strange prayers to Beogh against you.
Beogh smites you!
* * * LOW HITPOINT WARNING * * *
The hound misses you. You furiously retaliate!
You headbutt the hound, but do no damage.
The endoplasm quivers.
The hound bites you but does no damage. The dart slug launches a dart at you.
The slug dart misses you.
The slug dart hits the orc.
The orc priest invokes the aid of Beogh against you.
Beogh smites you!
* * * LOW HITPOINT WARNING * * *
The orc closely misses you. You furiously retaliate!
You headbutt the orc!
You kill the orc!
Trog accepts your kill.
As you read the scroll labelled JIOGYFU CEUJ, it crumbles to dust.
You feel aware of your surroundings.
It was a scroll of magic mapping.
The hound bites you but does no damage. The orc priest barely misses you.
The hound completely misses you.
The dart slug bites you but does no damage.
The orc priest barely misses you.
As you read the scroll of immolation, it crumbles to dust.
The creatures around you are filled with an inner flame!
The hound bites you but does no damage.
The orc priest hits you from afar with a +0 trident.
You die...

* #......# #.......... *
***#####......# #.#........
***,,P..♣.......####.#.#..#...
*,,,,≈.≈≈≈≈♣.......#.#.#..#...
*,,≈≈.≈POP≈........#.#.#......
*,≈,≈≈≈≈≈≈.≈P>.....#..........
*,≈≈,≈≈≈≈o≈.♣..))....#......#.
****,≈≈≈≈≈.≈≈.ogo..).##.#.....##.
,,**,,≈≈♣≈≈.≈≈Ko@w.............,,
,,**,*,*.P.oP..h........####..#*,
,,**,,,,..................**..#**
,,******#.#..J...###.######*,.#*,
,,* *,...<.)...# ###*8,*,,,,**,
,,******#.#.#.#..#***,,,,**,,,,,,
,,,,,,,,......#...,,*,,,,**,*,**,
,,*****,*.#...#..#***,,****,,,**,
*** *,*,*,,,,,,,,,*+**,,,,,,,,,


You could see an ogre (inner flame, weak-willed), a hound (inner flame,
weak-willed), 2 orc priests, a dart slug (inner flame, weak-willed), 3 orcs, an
endoplasm (inner flame), a goblin (inner flame, weak-willed) and a kobold (inner
flame, weak-willed).

Vanquished Creatures
  A black bear (D:4)
  A necrophage (D:4)
  A centaur zombie (Ossuary)
  A human zombie (Ossuary)
  An orc priest (D:3)
  5 mummies (Ossuary)
  3 gnolls (D:4)
  4 adders (D:2)
  A white imp (D:4)
  An ufetubus (D:4)
  A worm (D:2)
  A dart slug (D:1)
  10 orcs
  4 endoplasms
  A giant cockroach (D:1)
  A gnoll zombie (Ossuary)
  4 goblins
  6 hobgoblins
  17 jackals
  5 kobolds
  2 quokkas
  6 ball pythons
  6 bats
  2 goblin zombies (Ossuary)
  A hobgoblin zombie (Ossuary)
  A kobold zombie (Ossuary)
  An orc zombie (Ossuary)
  2 rats
90 creatures vanquished.

Vanquished Creatures (others)
  25 plants
25 creatures vanquished.

Grand Total: 115 creatures vanquished

Notes
Turn   | Place    | Note
-------+----------+-------------------------------------------
     0 | D:1      | EatSleepCrawl the Minotaur Berserker began the quest for
                  | the Orb.
     0 | D:1      | Reached XP level 1. HP: 19/19 MP: 0/0
   146 | D:1      | Reached XP level 2. HP: 21/27 MP: 1/1
   251 | D:1      | Reached skill level 4 in Maces & Flails
   358 | D:1      | Found Giokiup's Magic Scroll Shoppe.
   616 | D:1      | Bought a scroll of teleportation for 33 gold pieces
   616 | D:1      | Bought a scroll of identify for 22 gold pieces
   649 | D:1      | Noticed a floating eye
   651 | D:1      | Found a faded altar of an unknown god.
   653 | D:1      | Noticed a floating eye
   653 | D:1      | Noticed an eye of devastation
   653 | D:1      | Noticed a shining eye
   681 | D:1      | Reached XP level 3. HP: 27/33 MP: 2/2
   758 | D:1      | Gained mutation: Your mind is acute. (Int +2) [potion of
                  | mutation]
   758 | D:1      | Gained mutation: Your mind is very acute. (Int +4) [potion
                  | of mutation]
   986 | D:2      | Reached ** piety under Trog
  1132 | D:2      | Found an opulent altar of Gozag.
  1717 | D:2      | Reached XP level 4. HP: 36/41 MP: 3/3
  2381 | D:3      | Reached skill level 5 in Maces & Flails
  2907 | D:3      | Reached XP level 5. HP: 36/47 MP: 4/4
  3511 | D:4      | Noticed a necrophage
  3617 | D:4      | Killed a necrophage
  3618 | D:4      | Reached skill level 5 in Fighting
  3618 | D:4      | Reached skill level 1 in Stealth
  3625 | D:4      | Noticed a black bear
  3638 | D:4      | Killed a black bear
  3639 | D:4      | Reached XP level 6. HP: 56/56 MP: 5/5
  3772 | D:4      | Found a sand-covered staircase.
  3783 | Ossuary  | Entered an ossuary
  3925 | Ossuary  | Reached skill level 6 in Maces & Flails
  4017 | Ossuary  | Reached *** piety under Trog
  4305 | D:4      | Reached XP level 7. HP: 55/61 MP: 2/6
  4314 | D:4      | Slain by an orc priest

Illustrated notes

Levels and vault maps discovered:
D:1:      roderic_crop_circles_arrival_small, layout_basic,
          hellmonk_ecumenical_altar_watching_god, serial_shops, shop
D:2:      layout_loops_ring, basic_altar, kennysheep_generic_room_15
D:3:      layout_loops_cross
D:4:      layout_basic, minmay_temple_entry_gardened_gates, serial_bayou,
          serial_bayou_pond_b, serial_bayou_crossing, serial_bayou_lake_a,
          serial_bayou_lagoon_a, nicolae_ossuary_entry_ruins,
          kennysheep_nondescript, uniq_edmund

Skill      XL: |  1  2  3  4  5  6 |
---------------+-------------------+-----
Fighting       | 4 5 |  5.6
Maces & Flails | 4 5 6 |  6.6
Armour         | 3 |  3.7
Dodging        | 3 4 |  4.2
Stealth        | 1 |  1.2

Action                   |  1- 3 |  4- 6 |  7- 9 || total
-------------------------+-------+-------+-------++-------
Melee: Mace              |    67 |   123 |       ||   190
       Headbutt          |    13 |    34 |       ||    47
Invok: Berserk           |     1 |     2 |       ||     3
  Use: Scroll            |     2 |     7 |     3 ||    12
       Potion            |     2 |       |       ||     2
Armor: Animal skin       |    11 |     3 |       ||    14
       Scale mail        |       |    57 |     6 ||    63
Dodge: Dodged            |    36 |    83 |     7 ||   126

Table legend: (Time is in decaauts)
 A = Elapsed time spent in this place.
 B = Non-inter-level travel time spent in this place.
 C = Inter-level travel time spent in this place.
 D = Time resting spent in this place.
 E = Time spent auto-exploring this place.
 F = Levels seen in this place.
 G = Mean time per level.
                   A        B        C        D        E       F      G
               +--------+--------+--------+--------+--------+-----+--------+
         Total |   4377 |   4356 |     21 |   1406 |   1075 |   5 |  875.4 |
       Dungeon |   3888 |   3867 |     21 |   1406 |    976 |   4 |  972.0 |
       Ossuary |    489 |    489 |      0 |      0 |     99 |   1 |  489.0 |
               +--------+--------+--------+--------+--------+-----+--------+

Top non-repeatable levels by time:
     D:2: 1410 daAuts
     D:3: 1199 daAuts
     D:1: 989 daAuts
 Ossuary: 489 daAuts
     D:4: 289 daAuts
